 Dungeon Crawl Stone Soup version 0.27-a0-1500-g450c7e4133 (webtiles) character file.

Game seed: 7052964922892202749

859 hatdisgam the Blocker (level 8, -12/103 HPs)
             Began as a Gnoll Fighter on July 7, 2021.
             Was a Believer of Makhleb.
             Mangled by Menkaure (13 damage)
             ... on level 4 of the Dungeon.
             The game lasted 00:03:57 (3169 turns).

hatdisgam the Blocker (Gnoll Fighter)               Turns: 3169, Time: 00:03:58

Health: -12/103    AC: 24    Str: 14 (16) XL:     8   Next: 2%
Magic:  10/15      EV:  2    Int:  9 (10) God:    Makhleb [**....]
Gold:   155        SH: 10    Dex:  8 (11) Spells: 17/17 levels left

rFire    . . .     SeeInvis .   a - +0 trident
rCold    . . .     Faith    .   c - +0 kite shield
rNeg     + + +     Spirit   .   (armour currently unavailable)
rPois    +         Reflect  .   (helmet currently unavailable)
rElec    .         Harm     .   (cloak currently unavailable)
rCorr    .         Rampage  .   (gloves currently unavailable)
Will     .....     NoTele   +   (boots currently unavailable)
Stlth    +++.......             (no amulet)
HPRegen  0.27/turn              (no ring)
MPRegen  0.14/turn              (no ring)

@: mighty, brilliant, tree-form, very slightly contaminated, invisible
A: stationary, stasis, torment immunity, boosted hp, (fangs 1), strong nose,
distributed training
a: Renounce Religion, Minor Destruction


You were on level 4 of the Dungeon.
You worshipped Makhleb.
Makhleb was pleased with you.
You were a tree.
You visited 1 branch of the dungeon, and saw 4 of its levels.

You collected 155 gold pieces.

Inventory:

Hand Weapons
 a - a +0 trident (weapon)
Missiles
 n - 2 silver javelins (quivered)
 o - 15 bolts
 p - 3 boomerangs
 v - 23 stones
Armour
 b - a +0 scale mail
 c - a +0 kite shield (worn)
 r - a +0 chain mail (melded)
Scrolls
 e - a scroll of fog {unknown}
 g - 3 scrolls of magic mapping {unknown}
 h - 3 scrolls of identify {unknown}
 k - a scroll of enchant armour {unknown}
 m - a scroll of holy word {unknown}
 s - a scroll of teleportation {unknown}
 t - a scroll of vulnerability {unknown}
 w - a scroll of immolation {unknown}
Potions
 d - 2 potions of might
 j - a potion of lignification
 l - a potion of experience


   Skills:
 + Level 8.4 Fighting
 + Level 5.1 Short Blades
 + Level 5.1 Long Blades
 + Level 5.1 Axes
 + Level 5.1 Maces & Flails
 + Level 6.9 Polearms
 + Level 5.1 Staves
 + Level 5.1 Slings
 + Level 5.1 Bows
 + Level 5.1 Crossbows
 + Level 5.1 Throwing
 + Level 8.4 Armour
 + Level 5.1 Dodging
 + Level 5.1 Stealth
 + Level 8.4 Shields
 + Level 5.1 Unarmed Combat
 + Level 5.1 Spellcasting
 + Level 4.2 Conjurations
 + Level 4.2 Hexes
 + Level 4.2 Summonings
 + Level 4.2 Necromancy
 + Level 4.2 Translocations
 + Level 4.2 Transmutations
 + Level 4.2 Fire Magic
 + Level 4.2 Ice Magic
 + Level 4.2 Air Magic
 + Level 4.2 Earth Magic
 + Level 4.2 Poison Magic
 + Level 5.6 Invocations
 + Level 5.1 Evocations


You had 17 spell levels left.
You didn't know any spells.
Your spell library contained the following spells:

 Spells                   Type           Power      Damage    Failure   Level
 Foxfire                  Conj/Fire      56%        2x1d6     10%         1
 Conjure Flame            Conj/Fire      14%        6-21      30%         3
 Inner Flame              Hex/Fire       14%        N/A       30%         3


Dungeon Overview and Level Annotations

Branches:
Dungeon (4/15)
 Temple: D:4-7

Altars:
Makhleb

Annotations:
D:4 1 runed translucent door, Crazy Yiuf, Menkaure


Innate Abilities, Weirdness & Mutations

You are a tree.
Your roots penetrate the ground, keeping you stationary.
You cannot be teleported.
You are immune to unholy pain and torment.
Your maximum health is greatly increased.
Your equipment is partially melded.
((You have very sharp teeth.))
Your uncanny sense of smell can sniff out nearby items.
Your experience applies equally to all skills.


Message History

Your Crossbows skill gained 3 levels and is now at level 5!
Your Throwing skill gained 3 levels and is now at level 5!
Your Armour skill gained 2 levels and is now at level 8!
Your Dodging skill gained 3 levels and is now at level 5!
Your Stealth skill gained 3 levels and is now at level 5!
Your Shields skill gained 2 levels and is now at level 8!
Your Unarmed Combat skill gained 3 levels and is now at level 5!
Your Spellcasting skill gained 3 levels and is now at level 5!
Your Conjurations skill gained 3 levels and is now at level 4!
Your Hexes skill gained 3 levels and is now at level 4!
Your Summonings skill gained 3 levels and is now at level 4!
Your Necromancy skill gained 3 levels and is now at level 4!
Your Translocations skill gained 3 levels and is now at level 4!
Your Transmutations skill gained 3 levels and is now at level 4!
Your Fire Magic skill gained 3 levels and is now at level 4!
Your Ice Magic skill gained 3 levels and is now at level 4!
Your Air Magic skill gained 3 levels and is now at level 4!
Your Earth Magic skill gained 3 levels and is now at level 4!
Your Poison Magic skill gained 3 levels and is now at level 4!
Your Invocations skill gained 3 levels and is now at level 5!
Your Evocations skill gained 3 levels and is now at level 5!
You have reached level 8!
You feel stronger. You block Menkaure's attack. x2
Unknown command.
It was a potion of invisibility.
You fade into invisibility!
Menkaure hits you.
* * * LOW HITPOINT WARNING * * *
You are very lightly contaminated with residual magic.
It was a potion of brilliance.
You feel clever all of a sudden. Menkaure barely misses you.
It was a potion of curing.
You feel better. Menkaure hits you!
* * * LOW HITPOINT WARNING * * *
It was a potion of degeneration.
There was something very wrong with that liquid.
You feel weakened.
You feel dopey.
You feel clumsy. Menkaure hits you!
You die...

#.### #..# #.#.##
######....##
...........######
######..........##
#..........?#
##########..#######
#.........
##♣###### #M# #.#
#.# #.# #.# #(. ###


You could see Menkaure (fast).

Vanquished Creatures
  An ogre (D:4)
  A bullfrog (D:3)
  2 water moccasin skeletons
  2 orc wizards (D:4)
  3 adders
  3 worms
  3 dart slugs
  8 orcs
  5 bats
  9 endoplasms
  4 giant cockroaches
  5 goblins
  5 hobgoblins
  19 jackals
  5 quokkas
  6 ball pythons
  4 frilled lizards
  5 kobolds
  5 rats
95 creatures vanquished.

Notes
Turn   | Place    | Note
-------+----------+-------------------------------------------
     0 | D:1      | hatdisgam the Gnoll Fighter began the quest for the Orb.
     0 | D:1      | Reached XP level 1. HP: 23/23 MP: 1/1
   223 | D:1      | Reached XP level 2. HP: 29/29 MP: 2/2
   516 | D:1      | Reached XP level 3. HP: 35/35 MP: 3/3
   982 | D:2      | Reached skill level 1 in Invocations
  1005 | D:2      | Reached skill level 1 in Short Blades
  1005 | D:2      | Reached skill level 1 in Long Blades
  1005 | D:2      | Reached skill level 1 in Axes
  1005 | D:2      | Reached skill level 1 in Maces & Flails
  1005 | D:2      | Reached skill level 1 in Staves
  1005 | D:2      | Reached skill level 1 in Slings
  1005 | D:2      | Reached skill level 1 in Bows
  1005 | D:2      | Reached skill level 1 in Crossbows
  1005 | D:2      | Reached skill level 1 in Throwing
  1005 | D:2      | Reached skill level 1 in Dodging
  1005 | D:2      | Reached skill level 1 in Stealth
  1005 | D:2      | Reached skill level 1 in Unarmed Combat
  1005 | D:2      | Reached skill level 1 in Spellcasting
  1005 | D:2      | Reached skill level 1 in Conjurations
  1005 | D:2      | Reached skill level 1 in Hexes
  1005 | D:2      | Reached skill level 1 in Summonings
  1005 | D:2      | Reached skill level 1 in Necromancy
  1005 | D:2      | Reached skill level 1 in Translocations
  1005 | D:2      | Reached skill level 1 in Transmutations
  1005 | D:2      | Reached skill level 1 in Fire Magic
  1005 | D:2      | Reached skill level 1 in Ice Magic
  1005 | D:2      | Reached skill level 1 in Air Magic
  1005 | D:2      | Reached skill level 1 in Earth Magic
  1005 | D:2      | Reached skill level 1 in Poison Magic
  1005 | D:2      | Reached skill level 1 in Evocations
  1005 | D:2      | Reached XP level 4. HP: 12/41 MP: 5/5
  1264 | D:2      | Found a faded altar of an unknown god.
  1351 | D:2      | Became a worshipper of Makhleb the Destroyer
  1351 | D:2      | Reached * piety under Makhleb
  1546 | D:2      | Reached XP level 5. HP: 45/47 MP: 6/6
  1965 | D:3      | Reached ** piety under Makhleb
  2273 | D:3      | Reached XP level 6. HP: 49/53 MP: 8/8
  2741 | D:4      | Reached skill level 5 in Polearms
  2927 | D:4      | Reached XP level 7. HP: 47/59 MP: 10/10
  3026 | D:4      | Found a runed translucent door.
  3027 | D:4      | Noticed Crazy Yiuf
  3158 | D:4      | Noticed Menkaure
  3165 | D:4      | Reached skill level 5 in Short Blades
  3165 | D:4      | Reached skill level 5 in Long Blades
  3165 | D:4      | Reached skill level 5 in Axes
  3165 | D:4      | Reached skill level 5 in Maces & Flails
  3165 | D:4      | Reached skill level 5 in Staves
  3165 | D:4      | Reached skill level 5 in Slings
  3165 | D:4      | Reached skill level 5 in Bows
  3165 | D:4      | Reached skill level 5 in Crossbows
  3165 | D:4      | Reached skill level 5 in Throwing
  3165 | D:4      | Reached skill level 5 in Dodging
  3165 | D:4      | Reached skill level 5 in Stealth
  3165 | D:4      | Reached skill level 5 in Unarmed Combat
  3165 | D:4      | Reached skill level 5 in Spellcasting
  3165 | D:4      | Reached skill level 5 in Invocations
  3165 | D:4      | Reached skill level 5 in Evocations
  3165 | D:4      | Reached XP level 8. HP: 8/69 MP: 10/15
  3166 | D:4      | HP: 5/103 [Menkaure (3)]
  3168 | D:4      | HP: 1/103 [Menkaure (12)]
  3169 | D:4      | Mangled by Menkaure

Illustrated notes

Levels and vault maps discovered:
D:1:      evilmike_arrival_hilbert_curve, layout_loops_ring
D:2:      layout_rooms, basic_ecumenical_altar, hangedman_decor_slide_cut
D:3:      layout_basic, kennysheep_decorative_pillar
D:4:      layout_loops_ring, uniq_menkaure, uniq_duvessa,
          uniq_crazy_yiuf_cottage, uniq_blork_the_orc

Skill      XL: |  1  2  3  4  5  6  7 |
---------------+----------------------+-----
Invocations    | 1 2 5 |  5.6
Short Blades   | 1 2 5 |  5.1
Long Blades    | 1 2 5 |  5.1
Axes           | 1 2 5 |  5.1
Maces & Flails | 1 2 5 |  5.1
Staves         | 1 2 5 |  5.1
Slings         | 1 2 5 |  5.1
Bows           | 1 2 5 |  5.1
Crossbows      | 1 2 5 |  5.1
Throwing       | 1 2 5 |  5.1
Dodging        | 1 2 5 |  5.1
Stealth        | 1 2 5 |  5.1
Unarmed Combat | 1 2 5 |  5.1
Spellcasting   | 1 2 5 |  5.1
Conjurations   | 1 4 |  4.2
Hexes          | 1 4 |  4.2
Summonings     | 1 4 |  4.2
Necromancy     | 1 4 |  4.2
Translocations | 1 4 |  4.2
Transmutations | 1 4 |  4.2
Fire Magic     | 1 4 |  4.2
Ice Magic      | 1 4 |  4.2
Air Magic      | 1 4 |  4.2
Earth Magic    | 1 4 |  4.2
Poison Magic   | 1 4 |  4.2
Evocations     | 1 2 5 |  5.1
Polearms       | 5 6 |  6.9
Fighting       | 8 |  8.4
Armour         | 8 |  8.4
Shields        | 8 |  8.4

Action                   |  1- 3 |  4- 6 |  7- 9 || total
-------------------------+-------+-------+-------++-------
Melee: Trident           |   125 |   227 |     6 ||   358
       Bite              |     7 |    18 |     1 ||    26
  Use: Potion            |       |       |     7 ||     7
Armor: Scale mail        |    49 |    21 |       ||    70
       Chain mail        |       |    70 |       ||    70
       Skin              |       |       |     1 ||     1
Dodge: Dodged            |    37 |    46 |     2 ||    85
Block: Kite shield       |    45 |    92 |     3 ||   140

Table legend: (Time is in decaauts)
 A = Elapsed time spent in this place.
 B = Non-inter-level travel time spent in this place.
 C = Inter-level travel time spent in this place.
 D = Time resting spent in this place.
 E = Time spent auto-exploring this place.
 F = Levels seen in this place.
 G = Mean time per level.
                   A        B        C        D        E       F      G
               +--------+--------+--------+--------+--------+-----+--------+
         Total |   3251 |   3143 |    108 |      0 |   2484 |   4 |  812.8 |
       Dungeon |   3251 |   3143 |    108 |      0 |   2484 |   4 |  812.8 |
               +--------+--------+--------+--------+--------+-----+--------+

Top non-repeatable levels by time:
     D:1: 1000 daAuts
     D:3: 969 daAuts
     D:2: 778 daAuts
     D:4: 502 daAuts
